 Dungeon Crawl Stone Soup version 0.29.1-debian-1-gc3f1650bb9 (webtiles) character file.

Game seed: 16000762738795537263

37 IdlyInterested the Magician (level 3, -1/29 HPs)
             Began as a Demonspawn Wanderer on Sept 12, 2022.
             Slain by Terence
             ... wielding a +0 mace
              (3 damage)
             ... on level 2 of the Dungeon.
             The game lasted 00:04:42 (1443 turns).

IdlyInterested the Magician (Demonspawn Wanderer)   Turns: 1443, Time: 00:04:43

Health: -1/29      AC:  5    Str: 10    XL:     3   Next: 21%
Magic:  8/8        EV: 11    Int: 20    God:
Gold:   47         SH:  0    Dex: 15    Spells: 10/10 levels left

rFire   . . .      SeeInvis .   a - +0 dagger
rCold   . . .      Faith    .   (no shield)
rNeg    . . .      Spirit   .   f - +0 leather armour
rPois   .          Reflect  .   e - +2 hat
rElec   .          Harm     .   (no cloak)
rCorr   .          Rampage  .   (no gloves)
Will    .....                   (no boots)
Stlth   +.........              (no amulet)
HPRegen 0.09/turn               k - +6 ring of intelligence
MPRegen 0.22/turn               (no ring)

@: hasted, very quick
A: spiny 1, magic regeneration
a: no special abilities


You were on level 2 of the Dungeon.
You visited 1 branch of the dungeon, and saw 2 of its levels.

You collected 47 gold pieces.

Inventory:

Hand Weapons
 a - a +0 dagger (weapon)
 h - a +0 trident
Missiles
 l - 3 silver boomerangs (quivered)
Armour
 c - a +0 robe
 e - a +2 hat (worn)
 f - a +0 leather armour (worn)
Jewellery
 k - a +6 ring of intelligence (left hand)
Scrolls
 d - a scroll of fog
 j - a scroll of poison {unknown}
Potions
 b - a potion of attraction
 g - a potion of ambrosia {unknown}
 i - 2 potions of haste


   Skills:
 * Level 3.0 Fighting
 - Level 1.0 Throwing
 * Level 1.7 Dodging
 - Level 4.0 Spellcasting
 - Level 2.1 Necromancy


You had 10 spell levels left.
You didn't know any spells.
Your spell library contained the following spells:

 Spells                   Type           Power      Damage    Failure   Level
 Sublimation of Blood     Necr           12%        N/A       11%         2
 Sandblast                Erth           8%         2d5       17%         1
 Slow                     Hex            16%        N/A       17%         1
 Summon Small Mammal      Summ           16%        N/A       17%         1
 Cigotuvi's Dreadful Rot  Necr/Pois/Air  12%        N/A       21%         2
 Passwall                 Tmut/Erth      3%         N/A       26%         2
 Ozocubu's Armour         Ice            4%         N/A       45%         3
 Portal Projectile        Hex/Tloc       8%         N/A       45%         3
 Stone Arrow              Conj/Erth      8%         3d7       45%         3
 Animate Armour           Summ/Erth      8%         N/A       86%         4
 Metabolic Englaciation   Hex/Ice        2%         N/A       99%         5
 Simulacrum               Ice/Necr       4%         N/A       100%        6
 Lehudib's Crystal Spear  Conj/Erth      2%         10d2      100%        8


Dungeon Overview and Level Annotations

Branches:
Dungeon (2/15)

Altars:

Annotations:
D:2 Terence


Innate Abilities, Weirdness & Mutations

You are partially covered in sharp spines.
You regenerate magic rapidly.


Message History

Terence struggles against the net.
You hit Terence but do no damage.
Terence is lightly wounded.
Terence struggles against the net.
You hit Terence but do no damage.
Terence is lightly wounded.
Terence struggles against the net.
You hit Terence.
Terence is lightly wounded.
Terence struggles against the net.
You catch the helpless Terence completely off-guard!
You hit Terence.
Terence is moderately wounded.
Terence struggles against the net.
You hit Terence but do no damage.
Terence is moderately wounded.
The kobold is struck by your spines.
You kill the kobold!
Terence struggles against the net.
The net rips apart, and Terence comes free!
Your Fighting skill increases to level 3!
You closely miss Terence.
Terence is moderately wounded.
Terence barely misses you.
You hit Terence but do no damage.
Terence is moderately wounded.
Terence is struck by your spines. Terence hits you with a +0 mace.
* * * LOW HITPOINT WARNING * * *
You barely miss Terence.
Terence is heavily wounded.
Terence says, "Rest in peace."
Terence hits you with a +0 mace.
* * * LOW HITPOINT WARNING * * *
You hit Terence.
Terence is heavily wounded.
Terence hits you with a +0 mace.
* * * LOW HITPOINT WARNING * * *
It was a potion of haste.
You feel yourself speed up. Terence is struck by your spines.
Terence hits you with a +0 mace.
You die...

............#
............#
............#
..........<.#
............#
............#########
..............##....#
....#......##)##....#
.## ######g@@.).....#
#######....# #....#
#....# #....# ######


You could see Terence (resistant) and a goblin.

Vanquished Creatures
  3 dart slugs (D:1)
  An endoplasm (D:1)
  A giant cockroach (D:1)
  8 goblins
  3 hobgoblins (D:2)
  2 kobolds
  2 quokkas
  2 ball pythons (D:1)
  3 bats
  A frilled lizard (D:1)
  A rat (D:1)
27 creatures vanquished.

Notes
Turn   | Place    | Note
-------+----------+-------------------------------------------
     0 | D:1      | IdlyInterested the Demonspawn Wanderer began the quest for
                  | the Orb.
     0 | D:1      | IdlyInterested set off with the following items: a +0
                  | dagger, a potion of attraction, a +0 robe, a scroll of fog;
                  | and the following spells available to memorise: Sublimation
                  | of Blood, Slow, Summon Small Mammal, Cigotuvi's Dreadful
                  | Rot, Portal Projectile.
     0 | D:1      | Reached XP level 1. HP: 16/16 MP: 5/5
    38 | D:1      | Found a faded altar of an unknown god.
   431 | D:1      | Reached skill level 1 in Dodging
   431 | D:1      | Gained mutation: You regenerate magic rapidly. [demonic
                  | ancestry]
   431 | D:1      | Reached XP level 2. HP: 22/23 MP: 7/7
  1388 | D:2      | Gained mutation: You are partially covered in sharp spines.
                  | [demonic ancestry]
  1388 | D:2      | Reached XP level 3. HP: 19/28 MP: 8/8
  1418 | D:2      | Noticed Terence
  1443 | D:2      | Slain by Terence

Illustrated notes

Levels and vault maps discovered:
D:1:      elethiomel_arrival_shortcut, layout_loops_corners,
          shapermc_ecumenical_altar_pompeii, st_stairs_5,
          chequers_serial_rivers_micro_b
D:2:      layout_rooms, dreamdust_mushroom_princess, serial_bayou_pond_e,
          kennysheep_path_1, minmay_distorted, uniq_terence, uniq_robin

Skill      XL: |  1  2  3 |
---------------+----------+-----
Dodging        | 1 |  1.7
Fighting       | 3 |  3.0
Throwing       | |  1.0
Spellcasting   | |  4.0
Necromancy     | |  2.1

Action                   || total
-------------------------++-------
Melee: Dagger            ||   123
       Punch             ||     2
Throw: Throwing net      ||     1
  Use: Potion            ||     1
 Stab: Sleeping          ||     2
       Held in net/web   ||     1
Armor: Leather armour    ||    38
Dodge: Dodged            ||    75
